 Dungeon Crawl Stone Soup version 0.30.1-9-gdf580d7c3d (webtiles) character file.

Game seed: 8806517350055289621

197 NorthWizard01 the Sneak (level 5, -4/32 HPs)
             Began as an Octopode Fire Elementalist on Sept 30, 2023.
             Was an Initiate of Sif Muna.
             Slain by an ogre
             ... wielding a +0 giant club
              (16 damage)
             ... on level 5 of the Dungeon.
             The game lasted 00:09:13 (2630 turns).

NorthWizard01 the Sneak (OpFE)                      Turns: 2630, Time: 00:09:14

Health: -4/32      AC:  5    Str:  8    XL:     5   Next: 75%
Magic:  0/8        EV: 13    Int: 19    God:    Sif Muna [......]
Gold:   196        SH:  0    Dex: 12    Spells: 5/8 levels left

rFire   . . .        t - +4 short sword
rCold   . . .        (no shield)
rNeg    + . .        (helmet restricted)
rPois   .            (no amulet)
rElec   .            i - +4 ring of protection
rCorr   .            k - ring of positive energy
SInv    .            (no ring)
Will    .....        (no ring)
Stlth   ++++         (no ring)
HPRegen 0.25/turn    (no ring)
MPRegen 0.11/turn    (no ring)
                     (no ring)

%: no passive effects
@: no status effects
A: almost no armour, amphibious, 8 rings, camouflage 1, gelatinous body 1,
(nimble swimmer 1), tentacles
a: Renounce Religion


You were on level 5 of the Dungeon.
You worshipped Sif Muna.
Sif Muna was noncommittal.
You visited 1 branch of the dungeon, and saw 5 of its levels.

You collected 196 gold pieces.

Inventory:

Hand Weapons
 e - a +1 dagger of protection
 t - a +4 short sword (weapon)
Jewellery
 i - a +4 ring of protection (left tentacle)
 k - a ring of positive energy (right tentacle)
Wands
 q - a wand of polymorph (7)
Scrolls
 c - 2 scrolls of silence
 d - a scroll of vulnerability
 f - a scroll of blinking {unknown}
 h - 2 scrolls of fog {unknown}
 l - 2 scrolls of fear
 o - a scroll of acquirement {unknown}
 r - a scroll of immolation {unknown}
 s - a scroll of amnesia {unknown}
 u - 4 scrolls of enchant armour
Potions
 a - a potion of magic
 b - 2 potions of curing
 j - a potion of berserk rage {unknown}
 m - a potion of brilliance
 n - a potion of attraction
 p - a potion of resistance
 v - a potion of mutation


   Skills:
 + Level 0.6 Fighting
 + Level 1.4 Short Blades
 + Level 2.4 Dodging
 + Level 5.0 Stealth
 - Level 2.0 Spellcasting
 - Level 1.2 Conjurations
 + Level 4.7 Fire Magic


You had 5 spell levels left.
You knew the following spells:

 Your Spells              Type           Power      Damage    Failure   Level
a - Foxfire               Conj/Fire      52%        2x1d6     4%          1
b - Scorch                Fire           38%        2d6       3%          2

Your spell library contained the following spells:

 Spells                   Type           Power      Damage    Failure   Level
 Inner Flame              Hex/Fire       10%        N/A       19%         3
 Volatile Blastmotes      Fire/Tloc      20%        2d11      19%         3
 Flame Wave               Conj/Fire      13%        2d6       45%         4


Dungeon Overview and Level Annotations

Branches:
Dungeon (5/15)
 Temple: D:4-7

Altars:
Sif Muna
Wu Jian


Innate Abilities, Weirdness & Mutations

You cannot wear most types of armour.
You are amphibious.
You can wear up to eight rings at the same time.
Your skin changes colour to match your surroundings (Stealth+).
Your rubbery body absorbs attacks. (AC +1, EV +1)
((You are camouflaged when in or above water. (Stealth+)))
You have tentacles for arms and can constrict up to eight enemies at once.


Message History

The water moccasin attacks as you move away!
The water moccasin bites you.
You feel very sick.
As you read the scroll of teleportation, it crumbles to dust.
You feel strangely unstable.
You feel very sick. The water moccasin closely misses you.
The water moccasin attacks as you move away!
The water moccasin bites you.
You feel sick. The water moccasin barely misses you.
Your surroundings suddenly seem different.
You feel sick.
You feel sick.
You feel sick.
You feel sick.
You feel sick.
You feel sick.
There is a stone staircase leading down here.
You feel sick.
You climb downwards.
You feel sick.
You are no longer poisoned.
Found two stone staircases leading down.
There is a stone staircase leading up here.
You feel better.
The ogre shouts!
You hear an angry hiss.
You start resting.
An ogre is nearby!
An ogre is nearby!
Casting: Foxfire (safe; 4% risk of failure)
Confirm with . or Enter, or press ? or * to list all spells.
Flames lash the ogre.
The ogre is lightly wounded.
The ogre's fire resistance burns away.
Unknown command.
Casting: Scorch (safe; 3% risk of failure)
Confirm with . or Enter, or press ? or * to list all spells.
You conjure some foxfire!
The ogre attacks as you move away! The ogre hits you with a +0 giant club!
Ouch! That really hurt!
You die...

.... #.# #....
#..# .....
###.#. ......
..... ......
#...##>#....
##..v........
#...v@.......
##....O#.##.##
#......#.##.#
#>.....<....#
#......#.##.#
..#......#.. .
##..... ...#
##..... #O#
..###. ...


You could see an ogre (combustible, ally target).

Vanquished Creatures
  A bullfrog (D:3)
  A howler monkey (D:4)
  4 adders
  2 worms (D:2)
  4 orcs (D:3)
  4 endoplasms
  3 goblins
  5 hobgoblins
  3 jackals (D:1)
  6 quokkas
  2 ball pythons
  5 bats
  A frilled lizard (D:1)
  3 kobolds
  5 rats
49 creatures vanquished.

Vanquished Creatures (others)
  15 foxfires
15 creatures vanquished.

Grand Total: 64 creatures vanquished

Notes
Turn   | Place    | Note
-------+----------+-------------------------------------------
     0 | D:1      | NorthWizard01 the Octopode Fire Elementalist began the
                  | quest for the Orb.
     0 | D:1      | Reached XP level 1. HP: 11/11 MP: 3/3
   245 | D:1      | Reached skill level 3 in Stealth
   397 | D:1      | Reached XP level 2. HP: 17/17 MP: 5/5
   400 | D:1      | Learned a level 2 spell: Scorch
   898 | D:2      | Reached XP level 3. HP: 21/21 MP: 6/6
  1435 | D:3      | Reached XP level 4. HP: 27/27 MP: 4/7
  1522 | D:3      | Reached skill level 4 in Stealth
  1570 | D:3      | Noticed a bullfrog
  1573 | D:3      | Found a shimmering blue altar of Sif Muna.
  1587 | D:3      | Killed a bullfrog
  1588 | D:3      | Reached XP level 5. HP: 29/32 MP: 0/8
  1597 | D:3      | Reached skill level 1 in Short Blades
  1770 | D:3      | Became a worshipper of Sif Muna the Loreminder
  2513 | D:4      | Found an ornate altar of the Wu Jian Council.
  2585 | D:4      | Reached skill level 5 in Stealth
  2595 | D:4      | Noticed a water moccasin
  2619 | D:5      | Entered Level 5 of the Dungeon
  2619 | D:5      | Noticed an ogre
  2630 | D:5      | Slain by an ogre

Illustrated notes

Levels and vault maps discovered:
D:1:      dpeg_arrival_castle, layout_loops_ring
D:2:      layout_rooms
D:3:      wad_woods_stonehenge, layout_basic, skrybe_limestone_x
D:4:      layout_basic, ashenzari_conservatory_becter,
          lemuel_coloured_pillars_altar, lightli_temple_of_fire,
          gammafunk_ghost_split
D:5:      layout_loops_ring, elyvilon_altar_4,
          mainiacjoe_overflow_concentric_impassable, zin_angel,
          minmay_temple_entry_grid, hangedman_decor_opposing,
          nicolae_specific_store

Skill      XL: |  1  2  3  4  5 |
---------------+----------------+-----
Stealth        | 3 4 5 |  5.0
Fire Magic     | 4 |  4.7
Short Blades   | 1 |  1.4
Fighting       | |  0.6
Dodging        | |  2.4
Spellcasting   | |  2.0
Conjurations   | |  1.2

Action                     |  1- 3 |  4- 6 || total
---------------------------+-------+-------++-------
  Melee: Unarmed           |     8 |       ||     8
         Dagger            |    22 |       ||    22
         Constrict         |     2 |     8 ||    10
         Tentacles         |     2 |     2 ||     4
         Punch             |     1 |       ||     1
         Short sword       |       |    24 ||    24
   Cast: Foxfire           |     5 |     8 ||    13
         Scorch            |    13 |    15 ||    28
    Use: Scroll            |       |    10 ||    10
         Potion            |       |     5 ||     5
   Stab: Sleeping          |    10 |     4 ||    14
 Armour: Skin              |     9 |     7 ||    16
  Dodge: Dodged            |    31 |    22 ||    53
